Map: Crimson Research Lab LE

Players

Ekelpack - Winner!

  • Race: Zerg Zerg
  • Spawn Location: 5:00

Nyck - Winner!

  • Race: Terran Terran
  • Spawn Location: 5:00

DrunknZealot

  • Race: Protoss Protoss
  • Spawn Location: 11:00

turboling

  • Race: Zerg Zerg
  • Spawn Location: 11:00

VOD

Have the link to the VOD?

Description

Time

  • Played on: Feb. 4, 2025, 2:01 p.m.
  • Length: 8:34
Show
View Real Time Build Order
Export as new Build Order

Ekelpack Zerg - Winner!

Build Orders: Hatch First 

Get SALT Encoding   

  12  0:00  Drone  
  13  0:12  Overlord  
  13  0:18  Drone  
  14  0:30  Drone x2  
  14  0:35  Drone  
  17  0:45  Drone  
  18  0:58  Drone, Hatchery  
  18  1:03  Extractor  
  17  1:07  Drone  
  18  1:17  Spawning Pool  
  17  1:20  Drone  
  18  1:28  Drone  
  19  1:40  Drone  
  20  1:49  Drone  
  21  2:03  Overlord  
  21  2:09  Queen  
  21  2:10  Queen  
  21  2:11  Drone  
  21  2:12  Drone  
  27  2:18  Metabolic Boost  
  27  2:22  Drone  
  28  2:27  Extractor  
  28  2:28  Drone  
  28  2:33  Zergling x2  
  28  2:35  Drone  
  30  2:44  Drone x2  
  30  2:47  Extractor  
  31  2:56  Drone  
  32  3:05  Lair  
  32  3:09  Drone  
  32  3:11  Drone x2  
  35  3:18  Drone  
  36  3:21  Overlord  
  36  3:22  Overlord  
  36  3:35  Drone, Extractor  
  36  3:43  Drone  
  36  3:44  Drone x5  
  42  3:56  Zergling x6  
  42  3:57  Zergling x2  
  46  4:03  Spine Crawler  
  46  4:06  Overlord  
  45  4:11  Overlord x2, Spire  
  45  4:12  Zergling x2  
  45  4:21  Spine Crawler  
  45  4:22  Spine Crawler  
  45  4:24  Spine Crawler  
  42  4:30  Queen  
  44  4:35  Zergling x4  
  46  4:42  Zergling x2  
  46  4:43  Zergling x4  
  49  4:51  Zergling x8  
  46  5:00  Zergling x6  
  48  5:07  Zergling x2  
  49  5:15  Zergling x2  
  49  5:16  Zergling x6  
  49  5:42  Drone  
  49  5:43  Drone x2  
  51  5:54  Mutalisk x4  
  59  6:09  Mutalisk x2  
  59  6:10  Mutalisk x3  
  69  6:23  Drone  
  70  6:26  Zerg Flyer Weapons Level 1  
  70  6:28  Overlord x2  
  70  6:59  Mutalisk x7  
  70  7:00  Zergling x6  
  81  7:14  Overseer x3  
  81  7:37  Spore Crawler  
  80  7:46  Zergling x12  
  80  7:47  Overlord  
  86  7:53  Infestation Pit  
Show
View Real Time Build Order
Export as new Build Order

Nyck Terran - Winner!

Build Orders:  

Get SALT Encoding   

  12  0:00  SCV  
  13  0:12  SCV  
  14  0:19  Supply Depot  
  14  0:25  SCV  
  15  0:40  SCV  
  16  0:43  Barracks  
  16  0:52  SCV  
  17  0:58  Barracks  
  17  1:04  Refinery  
  17  1:05  SCV  
  18  1:17  SCV  
  19  1:31  Orbital Command  
  19  1:42  Barracks Tech Lab  
  19  1:49  Supply Depot  
  19  1:54  Refinery  
  19  1:56  SCV  
  20  2:04  Barracks Reactor  
  20  2:09  SCV  
  20  2:13  Barracks  
  21  2:22  Reaper  
  22  2:25  SCV  
  23  2:40  SCV  
  23  2:42  Marine x2  
  26  2:53  SCV  
  27  3:00  Marauder  
  27  3:02  Marine x2  
  27  3:03  Barracks Reactor  
  27  3:04  Combat Shield  
  31  3:08  Supply Depot  
  31  3:15  Command Center  
  31  3:18  Supply Depot  
  31  3:29  SCV  
  32  3:36  Factory  
  32  3:41  Engineering Bay  
  32  3:43  SCV  
  32  3:44  Marine x2  
  32  3:45  Marine  
  32  3:46  Marine  
  37  4:13  SCV  
  37  4:25  SCV  
  37  4:26  Stimpack  
  37  4:27  Marine x2  
  37  4:28  Marine x3  
  43  4:35  Bunker  
  43  4:41  Hellion  
  43  4:45  Marine  
  38  5:04  Marine x5  
  38  5:13  Planetary Fortress  
  33  5:23  Marauder  
  33  5:30  Marine x4  
  34  5:48  SCV  
  35  5:50  SCV  
  35  5:54  Terran Infantry Weapons Level 1  
  35  5:56  Bunker  
  36  6:00  SCV  
  36  6:01  Factory Reactor  
  36  6:03  SCV, Starport  
  38  6:04  Marine x3  
  38  6:05  Marine x2  
  38  6:10  Engineering Bay  
  43  6:12  SCV  
  43  6:15  SCV, Refinery  
  43  6:17  Refinery  
  45  6:36  SCV x2  
  47  7:04  Marine x4  
  47  7:06  Marauder  
  51  7:27  SCV x2  
  49  7:39  SCV x2  
  51  7:46  Medivac x2  
  51  7:50  Armory  
  55  7:51  SCV  
  55  7:52  SCV, Marine x3  
  55  7:53  Marine  
  61  8:01  Supply Depot  
  61  8:09  SCV  
  62  8:22  SCV x2, Command Center  
  62  8:23  Supply Depot  
  66  8:29  Supply Depot  
Show
View Real Time Build Order
Export as new Build Order

DrunknZealot Protoss 

Build Orders: Zealot Archon 

Get SALT Encoding   

  12  0:00  Probe  
  13  0:12  Probe  
  14  0:19  Pylon  
  14  0:24  Probe  
  15  0:35  Probe  
  15  0:40  Gateway  
  16  0:43  Probe  
  17  0:52  Probe  
  18  1:00  Assimilator  
  18  1:04  Probe  
  19  1:10  Assimilator  
  19  1:16  Probe  
  20  1:28  Probe  
  20  1:29  Cybernetics Core  
  20  1:32  Pylon  
  21  1:40  Probe  
  22  1:48  Gateway  
  22  1:52  Probe  
  23  2:04  Probe  
  23  2:07  Pylon  
  24  2:10  Adept  
  26  2:16  Probe  
  26  2:18  Twilight Council  
  27  2:23  Gateway  
  27  2:32  Pylon  
  27  2:35  Charge  
  27  2:41  Gateway  
  27  2:44  Adept  
  29  2:57  Zealot  
  31  3:08  Pylon  
  31  3:15  Adept  
  33  3:22  Adept  
  33  3:25  Zealot  
  37  3:28  Zealot  
  39  3:36  Pylon  
  39  3:45  Zealot  
  41  3:52  Zealot  
  41  3:55  Zealot  
  45  3:56  Zealot  
  47  4:20  Dark Shrine  
  47  4:37  Zealot  
  47  4:38  Nexus  
  49  4:41  Zealot  
  37  5:40  Dark Templar  
  37  5:41  Pylon, Dark Templar  
  37  5:42  Dark Templar  
  37  5:47  Zealot  
  37  6:10  Probe  
  37  6:11  Pylon  
  38  6:13  Probe  
  38  6:15  Dark Templar  
  41  6:19  Dark Templar  
  41  6:21  Dark Templar  
  41  6:22  Dark Templar  
  41  6:23  Probe  
  41  6:25  Probe  
  49  6:37  Probe x2  
  51  6:44  Forge  
  51  6:49  Probe x2  
  55  6:54  Dark Templar  
  55  6:57  Stalker  
  55  6:58  Zealot  
  55  7:00  Archon  
  59  7:01  Probe  
  54  7:29  Stalker x2  
  48  7:30  Stalker x2  
  56  7:37  Shield Battery  
  56  7:39  Probe x2  
  56  7:40  Photon Cannon  
  58  7:45  Pylon  
  58  7:47  Assimilator, Probe  
  58  7:51  Probe  
  58  7:52  Assimilator  
  58  7:55  Probe  
  58  7:56  Photon Cannon  
  58  7:57  Stalker  
  58  7:58  Shield Battery  
  57  8:06  Probe  
  52  8:16  Archon  
  52  8:18  Probe  
  52  8:26  Pylon  
Show
View Real Time Build Order
Export as new Build Order

turboling Zerg 

Build Orders: Hatch First 

Get SALT Encoding   

  12  0:00  Drone  
  13  0:12  Overlord  
  13  0:18  Drone  
  14  0:31  Drone x2  
  16  0:50  Hatchery  
  16  0:55  Drone  
  16  0:56  Drone  
  17  1:00  Drone  
  18  1:11  Extractor  
  18  1:16  Spawning Pool  
  16  1:20  Drone  
  16  1:22  Drone  
  18  1:29  Drone  
  19  1:44  Overlord  
  19  2:03  Queen x2  
  19  2:06  Drone x3  
  26  2:19  Metabolic Boost  
  27  2:22  Drone  
  27  2:23  Drone x2  
  27  2:26  Drone  
  30  2:39  Drone  
  30  2:40  Drone  
  30  2:43  Overlord  
  32  2:52  Zergling x2, Baneling Nest  
  32  3:01  Zergling x4  
  34  3:08  Zergling x4  
  34  3:11  Zergling x4  
  34  3:12  Zergling x6  
  41  3:13  Zergling x2  
  41  3:17  Overlord  
  42  3:26  Evolution Chamber  
  41  3:27  Zergling x2  
  41  3:28  Zergling x2  
  41  3:29  Zergling x2  
  44  3:44  Hatchery  
  43  3:49  Zergling x2  
  44  4:01  Spore Crawler  
  42  4:15  Zergling x2  
  42  4:16  Zergling x16  
  51  4:33  Zergling x2  
  51  4:35  Overlord x2  
  52  4:52  Zergling x8  
  41  5:02  Zergling x10  
  41  5:03  Zergling x2  
  40  5:12  Overlord  
  37  5:16  Zergling x8  
  37  5:19  Queen  
  37  5:21  Zergling x2  
  44  5:26  Zergling x2  
  44  5:27  Zergling x2  
  46  5:32  Lair  
  46  5:40  Zerg Ground Armor Level 1  
  46  5:42  Baneling  
  46  5:43  Baneling x8  
  46  5:46  Zergling x2  
  47  5:52  Baneling x2  
  47  5:55  Zergling x4  
  47  5:56  Zergling x2  
  50  6:03  Drone x2  
  53  6:04  Drone  
  53  6:07  Zergling x2  
  54  6:15  Zergling x2  
  54  6:16  Zergling x4  
  54  6:18  Zergling x2  
  58  6:20  Zergling x2  
  58  6:24  Drone  
  58  6:25  Drone  
  61  6:30  Baneling x4  
  61  6:33  Zergling x2  
  61  6:34  Zergling x2  
  63  6:41  Zergling x6  
  63  6:44  Zergling x2  
  40  7:22  Drone  
  41  7:23  Drone x17  
  58  7:31  Roach Warren  
  57  7:37  Drone  
  57  7:38  Drone  
  57  7:42  Spore Crawler  
  58  7:49  Spore Crawler  
  57  7:55  Spore Crawler  
  56  8:00  Spore Crawler  
  56  8:05  Hydralisk Den  
  54  8:15  Spore Crawler  
Tags
 
Add a new tag
Caveats
  • Supply blocks, unpowered buildings, or Contaminate may cause inaccurate times.
  • Supply counts are checked every 10 seconds.